 Dungeon Crawl Stone Soup version 0.18.1-48-g4cf74bf (webtiles) character file.

161 Alarkh the Insei (level 5, 0/35 HPs)
             Began as an Octopode Transmuter on Sept 11, 2016.
             Was an Initiate of Okawaru.
             Hit by a tomahawk thrown by an orc (5 damage)
             ... on level 3 of the Dungeon.
             The game lasted 00:03:35 (2346 turns).

Alarkh the Insei (Octopode Transmuter)              Turns: 2346, Time: 00:03:36

Health: 0/35       AC:  1    Str: 12    XL:     5   Next: 42%
Magic:  8/8        EV: 13    Int: 16    God:    Okawaru [......]
Gold:   271        SH:  0    Dex: 12    Spells: 3 memorised, 2 levels left

rFire  . . .     SeeInvis .       - Unarmed
rCold  . . .     Gourm    .     (no shield)
rNeg   . . .     Faith    .     (helmet restricted)
rPois  .         Spirit   .     (no amulet)
rElec  .         Dismiss  .     n - +2 ring of strength (curse)
rCorr  .         Reflect  .     t - ring of protection from magic
SustAt .         Harm     .     (no ring)
MR     +....                    (no ring)
Stlth  ++........               (no ring)
                                (no ring)
                                (no ring)
                                (no ring)

@: appendage (expiring), somewhat resistant to hostile enchantments, unstealthy
A: almost no armour, amphibious, 8 rings, constrict 8, tentacle spike 3,
camouflage 1, gelatinous body 1
a: End Transformation, Renounce Religion


You were on level 3 of the Dungeon.
You worshipped Okawaru.
Okawaru was noncommittal.
You were not hungry.
One of your tentacles had a temporary spike.
You visited 1 branch of the dungeon, and saw 3 of its levels.

You collected 271 gold pieces.

Inventory:

Missiles
 a - 62 arrows
 p - a throwing net (quivered)
Jewellery
 n - a cursed +2 ring of strength (left tentacle)
 t - a ring of protection from magic (right tentacle)
Scrolls
 e - a scroll of identify
 f - a scroll of enchant weapon {unknown}
 g - a scroll of immolation
 l - a scroll of enchant armour {unknown}
Potions
 d - a potion of degeneration
 h - 2 potions of heal wounds
 i - a potion of invisibility
 k - a potion of lignification
 m - a potion of brilliance
 q - a potion of flight
Books
 b - a book of Changes

   Spells                             Type                      Level
   a - Beastly Appendage              Transmutation                1
   b - Sticks to Snakes               Transmutation                2
   c - Spider Form                    Transmutation/Poison         3
   d - Ice Form                       Ice/Transmutation            4
   e - Blade Hands                    Transmutation                5
Comestibles
 c - a bread ration
 j - a slice of pizza
 o - a meat ration
 r - 3 fruits
 s - a chunk of flesh


   Skills:
 + Level 2.7 Fighting
 + Level 2.9 Dodging
 * Level 4.7 Unarmed Combat
 - Level 2.0 Spellcasting
 - Level 2.0 Transmutations


You had 2 spell levels left.
You knew the following spells:

 Your Spells              Type           Power        Failure   Level  Hunger
a - Beastly Appendage     Trmt           #.....       10%         1    #......
b - Spider Form           Trmt/Pois      #.........   38%         3    ###....
c - Sticks to Snakes      Trmt           #.......     14%         2    ###....


Dungeon Overview and Level Annotations

Branches:
Dungeon (3/15)

Altars:
Fedhas
Okawaru
Xom


Innate Abilities, Weirdness & Mutations

You cannot wear most types of armour.
You are amphibious.
You can wear up to eight rings at the same time.
You can use your tentacles to constrict eight enemies at once.
Your skin changes colour to match your surroundings (Stealth).
Your rubbery body absorbs attacks (AC +1).
One of your tentacles bears a large vicious spike.


Message History

You tentacle-slap the orc wizard but do no damage.
You squeeze the orc wizard.
The orc wizard is severely wounded.
Your transformation is almost over.
You constrict the orc wizard.
The orc wizard casts a spell.
The orc wizard struggles to blink free from constriction.
You tentacle-slap the orc wizard but do no damage.
The orc wizard is severely wounded.
You constrict the orc wizard. The orc wizard hits you with a dagger.
* * * LOW HITPOINT WARNING * * *
The orc wizard hits you but does no damage.
Unknown command.
You tentacle-slap the orc wizard but do no damage.
You pierce the orc wizard, but do no damage.
You squeeze the orc wizard.
You kill the orc wizard!
Okawaru accepts your kill.
The orc throws a tomahawk.
The tomahawk hits you.
You die...

.♣..............# #.#
................# #.#
..♣...####.####.# #.#
....##
#.###♣♣♣♣♣♣♣♣♣#.#
.[♣.
#o##............### .
# #.##.♣♣♣♣♣♣♣♣♣.....
#.##.#.# #.........
###)##...###.........
#...@........♣.♣.♣.♣.
#....................
#............♣.♣.♣.♣.
#..................[.
###+####+###.....####
#....##... #...###.##
#####_##.# #.##.##.


You could see an orc.

Vanquished Creatures
  An orc wizard (D:3)
  3 adders (D:2)
  4 gnolls (D:2)
  2 dart slugs
  5 giant geckos
  2 orcs (D:3)
  A ball python (D:3)
  3 giant cockroaches
  10 goblins
  6 hobgoblins
  A quokka (D:2)
  7 bats
  4 giant newts
  6 kobolds
  2 rats
  A fungus (D:1)
58 creatures vanquished.

Notes
Turn   | Place    | Note
--------------------------------------------------------------
     0 | D:1      | Alarkh the Octopode Transmuter began the quest for the Orb.
     0 | D:1      | Reached XP level 1. HP: 13/13 MP: 3/3
   127 | D:1      | Reached XP level 2. HP: 16/18 MP: 3/5
   531 | D:2      | Reached XP level 3. HP: 16/24 MP: 4/6
   800 | D:2      | Found an iron altar of Okawaru.
   804 | D:2      | Became a worshipper of Warmaster Okawaru
   848 | D:2      | Learned a level 3 spell: Spider Form
   928 | D:2      | Learned a level 2 spell: Sticks to Snakes
   936 | D:2      | Reached skill level 4 in Unarmed Combat
   936 | D:2      | Reached XP level 4. HP: 28/29 MP: 5/7
  1824 | D:2      | Reached XP level 5. HP: 28/35 MP: 8/8
  2085 | D:3      | Found a blossoming altar of Fedhas.
  2248 | D:3      | Found a shimmering altar of Xom.
  2346 | D:3      | Hit by a tomahawk thrown by an orc

Skill      XL: |  1  2  3 |
---------------+----------+-----
Fighting       | 2 |  2.7
Unarmed Combat | 4 |  4.7
Dodging        | |  2.9
Spellcasting   | |  2.0
Transmutations | |  2.0

Action                   |  1- 3 |  4- 6 || total
-------------------------+-------+-------++-------
Melee: Unarmed           |   106 |    64 ||   170
       Constrict         |    23 |    19 ||    42
       Kick              |    20 |    11 ||    31
       Tentacles         |    14 |    11 ||    25
       Punch             |     3 |     1 ||     4
 Cast: Beastly Appendage |    23 |    11 ||    34
  Use: Scroll            |     3 |     4 ||     7
 Stab: Sleeping          |     6 |     2 ||     8
  Eat: Chunk             |     1 |     4 ||     5
Armor: Skin              |    11 |     4 ||    15
Dodge: Dodged            |    53 |    34 ||    87
